NCAA
OKLAHOMA STATE COWBOYS @ TENNESSEE VOLUNTEERS
05/13/2023
 
TOP OF THE 1ST
Oklahoma State Cowboys batting - Pitching for Tennessee Volunteers : LHP Mike Moore
Pitching: LHP Mike Moore
Batting: RHB Mike Johnson 0-0: Called Strike
0-1: Ball
1-1: Ball
2-1: Ball
3-1: Base on Balls
Batting: RHB Mark Hart 0-0: Ball
1-0: Grounds into double play, 5-4-3 (Groundball, 5)
Batting: RHB Roberto García 0-0: Called Strike
0-1: Ball
1-1: Ball
2-1: Ball
3-1: Ground out 6-3 (Groundball, 6)
Top of the 1st over - 0 run(s), 0 hit(s), 0 error(s), 0 left on base; Oklahoma State 0 - Tennessee 0
BOTTOM OF THE 1ST
Tennessee Volunteers batting - Pitching for Oklahoma State Cowboys : RHP Albert Fisher
Pitching: RHP Albert Fisher
Batting: RHB Travis Colbert 0-0: Ball
1-0: Ball
2-0: Called Strike
2-1: Swinging Strike
2-2: Strikes out swinging
Batting: RHB Jesús Villegas 0-0: Called Strike
0-1: Swinging Strike
0-2: Ball
1-2: Foul Ball, location: 2F
1-2: Strikes out swinging
Batting: LHB Alejandro Rojas 0-0: Ball
1-0: Foul Ball, location: 2F
1-1: Foul Ball, location: 2F
1-2: SINGLE (Groundball, 2R) (infield hit)
Batting: RHB Brian Parks 0-0: Ball
1-0: Called Strike
1-1: Swinging Strike
1-2: Ball
2-2: Strikes out swinging
Bottom of the 1st over - 0 run(s), 1 hit(s), 0 error(s), 1 left on base; Oklahoma State 0 - Tennessee 0
TOP OF THE 2ND
Oklahoma State Cowboys batting - Pitching for Tennessee Volunteers : LHP Mike Moore
Batting: RHB Jack Hollon 0-0: Called Strike
0-1: Fly out, F9 (Flyball, 89M)
Batting: RHB Earl Conrad 0-0: Ball
1-0: Ball
2-0: Called Strike
2-1: Foul Ball, location: 2F
2-2: Ball
3-2: SINGLE (Line Drive, 4MD)
Batting: LHB Kent Fremantle 0-0: Foul Ball, location: 2F
0-1: Foul Ball, location: 2F
0-2: Ball
1-2: Strikes out swinging
Batting: RHB Mark McCullough 0-0: Ball
1-0: Ball
2-0: Ground out 6-3 (Groundball, 6)
Top of the 2nd over - 0 run(s), 1 hit(s), 0 error(s), 1 left on base; Oklahoma State 0 - Tennessee 0
BOTTOM OF THE 2ND
Tennessee Volunteers batting - Pitching for Oklahoma State Cowboys : RHP Albert Fisher
Batting: RHB Eugene Jefferson 0-0: Called Strike
0-1: Swinging Strike
0-2: Strikes out swinging
Batting: RHB Ken Sánchez 0-0: Ball
1-0: Ball
2-0: Ball
3-0: Base on Balls
Batting: RHB Aaron Washington 0-0: Ball
1-0: Foul Ball, location: 2F
1-1: Ball
2-1: Foul Ball, location: 2F
2-2: Strikes out swinging
Batting: RHB Michael Sawyer 0-0: Ground out 4-3 (Groundball, 4)
Bottom of the 2nd over - 0 run(s), 0 hit(s), 0 error(s), 1 left on base; Oklahoma State 0 - Tennessee 0
TOP OF THE 3RD
Oklahoma State Cowboys batting - Pitching for Tennessee Volunteers : LHP Mike Moore
Batting: RHB Earnest Maldonado 0-0: Called Strike
0-1: Foul Ball, location: 2F
0-2: Ball
1-2: Foul Ball, location: 2F
1-2: SINGLE (Groundball, 4M)
Batting: SHB Von Smith 0-0: Ball
1-0: Ball
2-0: Foul Ball, location: 2F
2-1: Fly out, F5 (Line Drive, 5)
Batting: RHB Mike Johnson 0-0: Ball
Earnest Maldonado steals 2nd base
1-0: Foul Ball, location: 2F
1-1: Ball
2-1: Swinging Strike
2-2: Ball
3-2: Foul Ball, location: 2F
3-2: Base on Balls
Batting: RHB Mark Hart 0-0: Fly out, F9 (Flyball, 89M)
Batting: RHB Roberto García 0-0: Ball
1-0: Called Strike
1-1: Foul Ball, location: 2F
1-2: Foul Ball, location: 2F
1-2: Ball
2-2: Fly out, F9 (Flyball, 89D)
Top of the 3rd over - 0 run(s), 1 hit(s), 0 error(s), 2 left on base; Oklahoma State 0 - Tennessee 0
BOTTOM OF THE 3RD
Tennessee Volunteers batting - Pitching for Oklahoma State Cowboys : RHP Albert Fisher
Batting: RHB Courtnay Beck 0-0: Ground out 4-3 (Groundball, 4)
Batting: RHB Travis Colbert 0-0: Called Strike
0-1: SINGLE (Line Drive, 34D)
Batting: RHB Jesús Villegas 0-0: Called Strike
0-1: Called Strike
Travis Colbert is caught stealing 2nd base
0-2: Fly out, F4 (Popup, 9LS)
Bottom of the 3rd over - 0 run(s), 1 hit(s), 0 error(s), 0 left on base; Oklahoma State 0 - Tennessee 0
TOP OF THE 4TH
Oklahoma State Cowboys batting - Pitching for Tennessee Volunteers : LHP Mike Moore
Batting: RHB Jack Hollon 0-0: Ball
1-0: Foul Ball, location: 2F
1-1: Ball
2-1: SOLO HOME RUN (Line Drive, 7D), Distance : 359 ft
Batting: RHB Earl Conrad 0-0: Ball
1-0: Fly out, F9 (Flyball, 89M)
Batting: LHB Kent Fremantle 0-0: Called Strike
0-1: Ball
1-1: Ball
2-1: Ball
3-1: Called Strike
3-2: Base on Balls
Batting: RHB Mark McCullough 0-0: Grounds into double play, 5-4-3 (Groundball, 56)
Top of the 4th over - 1 run(s), 1 hit(s), 0 error(s), 0 left on base; Oklahoma State 1 - Tennessee 0
BOTTOM OF THE 4TH
Tennessee Volunteers batting - Pitching for Oklahoma State Cowboys : RHP Albert Fisher
Batting: LHB Alejandro Rojas 0-0: Ball
1-0: Ball
2-0: Ball
3-0: Base on Balls
Batting: RHB Brian Parks 0-0: 2-RUN HOME RUN (Line Drive, 7D), Distance : 366 ft
Batting: RHB Eugene Jefferson 0-0: Called Strike
0-1: Ground out 1-3 (Groundball, 13)
Batting: RHB Ken Sánchez 0-0: Called Strike
0-1: Ball
1-1: Reached on error, E6 (Groundball, 6)
Batting: RHB Aaron Washington 0-0: Ball
1-0: SINGLE (Groundball, 56)
Ken Sánchez to third
Batting: RHB Michael Sawyer 0-0: Ball
1-0: SINGLE (Groundball, 6D)
Ken Sánchez scores
Aaron Washington to second
Batting: RHB Courtnay Beck 0-0: Ball
1-0: Fielders Choice at 2nd, U6 (Groundball, 6M)
Aaron Washington to third
Batting: RHB Travis Colbert 0-0: Fly out, F7 (Line Drive, 7S)
Bottom of the 4th over - 3 run(s), 3 hit(s), 1 error(s), 2 left on base; Oklahoma State 1 - Tennessee 3
TOP OF THE 5TH
Oklahoma State Cowboys batting - Pitching for Tennessee Volunteers : LHP Mike Moore
Batting: RHB Earnest Maldonado 0-0: Ball
1-0: Ball
2-0: Called Strike
2-1: Foul Ball, location: 2F
2-2: Strikes out swinging
Batting: SHB Von Smith 0-0: Ball
1-0: Called Strike
1-1: Ball
2-1: Called Strike
2-2: Strikes out swinging
Batting: RHB Mike Johnson 0-0: Called Strike
0-1: Ball
1-1: Ball
2-1: Called Strike
2-2: Fly out, F9 (Flyball, 9M)
Top of the 5th over - 0 run(s), 0 hit(s), 0 error(s), 0 left on base; Oklahoma State 1 - Tennessee 3
BOTTOM OF THE 5TH
Tennessee Volunteers batting - Pitching for Oklahoma State Cowboys : RHP Albert Fisher
Batting: RHB Jesús Villegas 0-0: Called Strike
0-1: Ground out 6-3 (Groundball, 6)
Batting: LHB Alejandro Rojas 0-0: Ball
1-0: Called Strike
1-1: Swinging Strike
1-2: Strikes out swinging
Batting: RHB Brian Parks 0-0: Called Strike
0-1: Fly out, F7 (Flyball, 78M)
Bottom of the 5th over - 0 run(s), 0 hit(s), 0 error(s), 0 left on base; Oklahoma State 1 - Tennessee 3
TOP OF THE 6TH
Oklahoma State Cowboys batting - Pitching for Tennessee Volunteers : LHP Mike Moore
Batting: RHB Mark Hart 0-0: Ball
1-0: SINGLE (Line Drive, 6MD)
Pitching: RHP Tom Fisher
Batting: RHB Roberto García 0-0: Ball
1-0: Foul Ball, location: 2F
1-1: Ball
2-1: Foul Ball, location: 2F
2-2: Ball
3-2: SINGLE (Groundball, 34D)
Mark Hart to second
Mark Hart to third
Batting: RHB Jack Hollon 0-0: Ball
1-0: Swinging Strike
1-1: Ball
2-1: Foul Ball, location: 2F
2-2: Ball
3-2: Foul Ball, location: 2F
3-2: Foul Ball, location: 2F
3-2: Strikes out swinging
Batting: RHB Earl Conrad 0-0: Grounds into double play, 4-6-3 (Groundball, 4)
Top of the 6th over - 0 run(s), 2 hit(s), 0 error(s), 1 left on base; Oklahoma State 1 - Tennessee 3
BOTTOM OF THE 6TH
Tennessee Volunteers batting - Pitching for Oklahoma State Cowboys : RHP Albert Fisher
Batting: RHB Eugene Jefferson 0-0: Swinging Strike
0-1: Ball
1-1: Ball
2-1: Called Strike
2-2: Foul Ball, location: 2F
2-2: Reached on error, E5 (Groundball, 5S)
Batting: RHB Ken Sánchez 0-0: Called Strike
0-1: Ball
1-1: Ball
2-1: Grounds into double play, 6-4-3 (Groundball, 6)
Batting: RHB Aaron Washington 0-0: Called Strike
0-1: Swinging Strike
0-2: Foul Ball, location: 2F
0-2: Ball
1-2: Ball
2-2: Strikes out looking
Bottom of the 6th over - 0 run(s), 0 hit(s), 1 error(s), 0 left on base; Oklahoma State 1 - Tennessee 3
TOP OF THE 7TH
Oklahoma State Cowboys batting - Pitching for Tennessee Volunteers : RHP Tom Fisher
Batting: LHB Kent Fremantle 0-0: Ball
1-0: Ball
2-0: Ball
3-0: Called Strike
3-1: Fly out, F8 (Flyball, 8LM)
Batting: RHB Mark McCullough 0-0: Called Strike
0-1: SINGLE (Line Drive, 34)
Batting: RHB Earnest Maldonado 0-0: Swinging Strike
0-1: Foul Ball, location: 2F
0-2: Strikes out swinging
Batting: SHB Von Smith 0-0: Ball
1-0: Foul Ball, location: 2F
1-1: Called Strike
1-2: Ball
2-2: Strikes out swinging
Top of the 7th over - 0 run(s), 1 hit(s), 0 error(s), 1 left on base; Oklahoma State 1 - Tennessee 3
BOTTOM OF THE 7TH
Tennessee Volunteers batting - Pitching for Oklahoma State Cowboys : RHP Albert Fisher
Batting: RHB Michael Sawyer 0-0: Called Strike
0-1: Swinging Strike
0-2: Ball
1-2: Foul Ball, location: 2F
1-2: SINGLE (Line Drive, 34)
Pitching: RHP Rod Pittman
Batting: RHB Courtnay Beck 0-0: 2-RUN HOME RUN (Flyball, 8RXD), Distance : 404 ft
Batting: RHB Travis Colbert 0-0: Ball
1-0: SINGLE (Groundball, 34D)
Batting: RHB Jesús Villegas 0-0: Ball
1-0: Foul Ball, location: 2F
1-1: Swinging Strike
1-2: Ball
2-2: Ball
3-2: Base on Balls
Travis Colbert to second
Batting: LHB Alejandro Rojas 0-0: Swinging Strike
0-1: Swinging Strike
0-2: Ball
1-2: Ball
2-2: Foul Ball, location: 2F
2-2: Ball
3-2: Strikes out looking
Batting: RHB Brian Parks 0-0: SINGLE (Flyball, 89S)
Travis Colbert to third
Jesús Villegas to second
Batting: RHB Eugene Jefferson 0-0: Ball
1-0: SINGLE (Groundball, 34D)
Travis Colbert scores
Jesús Villegas to third
Brian Parks to second
Runner from 3rd tries for Home, SAFE, throw made home
Brian Parks to third
Eugene Jefferson to second
Pitching: RHP Dawson Piper
Batting: RHB Ken Sánchez 0-0: Fly out, F9 (Flyball, 89M)
Runner from 3rd tags up, SCORES, throw made
Batting: RHB Aaron Washington 0-0: Ball
Wild Pitch!
Eugene Jefferson to third
1-0: Called Strike
1-1: Ball
2-1: Foul Ball, location: 2F
2-2: Ground out 5-3 (Groundball, 56)
Bottom of the 7th over - 5 run(s), 5 hit(s), 0 error(s), 1 left on base; Oklahoma State 1 - Tennessee 8
TOP OF THE 8TH
Oklahoma State Cowboys batting - Pitching for Tennessee Volunteers : RHP Tom Fisher
Pitching: RHP Myles Bush
Batting: RHB Mike Johnson 0-0: Ball
1-0: Ball
2-0: Ball
3-0: Called Strike
3-1: Base on Balls
Batting: RHB Mark Hart 0-0: Called Strike
0-1: Ball
1-1: Ball
2-1: Foul Ball, location: 2F
2-2: Strikes out swinging
Batting: RHB Roberto García 0-0: Foul Ball, location: 2F
0-1: Foul Ball, location: 2F
0-2: Ball
1-2: Foul Ball, location: 2F
1-2: Ball
2-2: Foul Ball, location: 2F
2-2: Strikes out swinging
Batting: RHB Jack Hollon 0-0: Foul Ball, location: 2F
0-1: Ball
1-1: Called Strike
1-2: Foul Ball, location: 2F
1-2: Ball
2-2: Foul Ball, location: 2F
2-2: Fly out, F7 (Flyball, 78M)
Top of the 8th over - 0 run(s), 0 hit(s), 0 error(s), 1 left on base; Oklahoma State 1 - Tennessee 8
BOTTOM OF THE 8TH
Tennessee Volunteers batting - Pitching for Oklahoma State Cowboys : RHP Dawson Piper
Batting: RHB Michael Sawyer 0-0: Swinging Strike
0-1: Foul Ball, location: 2F
0-2: Ball
1-2: Ball
2-2: Fly out, F5 (Popup, 5F)
Batting: RHB Courtnay Beck 0-0: Ball
1-0: Ground out 5-3 (Groundball, 15S)
Batting: RHB Travis Colbert 0-0: Called Strike
0-1: SINGLE (Line Drive, 4D)
Batting: RHB Jesús Villegas 0-0: Ball
1-0: Ball
2-0: Called Strike
2-1: Called Strike
2-2: Ball
3-2: Foul Ball, location: 2F
3-2: Foul Ball, location: 2F
3-2: Strikes out swinging
Bottom of the 8th over - 0 run(s), 1 hit(s), 0 error(s), 1 left on base; Oklahoma State 1 - Tennessee 8
TOP OF THE 9TH
Oklahoma State Cowboys batting - Pitching for Tennessee Volunteers : RHP Myles Bush
Batting: RHB Earl Conrad 0-0: Called Strike
0-1: Ball
1-1: Swinging Strike
1-2: Foul Ball, location: 2F
1-2: Ball
2-2: Ball
3-2: SINGLE (Groundball, 56D)
Batting: LHB Kent Fremantle 0-0: Ball
1-0: Ball
2-0: Called Strike
2-1: Swinging Strike
2-2: Fly out, F5 (Popup, 15)
Batting: RHB Mark McCullough 0-0: Foul Ball, location: 2F
0-1: Foul Ball, location: 2F
0-2: Ball
1-2: Foul Ball, location: 2F
1-2: Grounds into double play, 6-4-3 (Groundball, 6)
Top of the 9th over - 0 run(s), 1 hit(s), 0 error(s), 0 left on base; Oklahoma State 1 - Tennessee 8
This league is powered by Out of the Park Baseball, the baseball management simulation game for PC, Mac and Linux
Wednesday, December 2nd, 2015 - OOTP Baseball 16.8 Build 38